 Dungeon Crawl Stone Soup version 0.20-a0-502-g555d78b (webtiles) character file.

415 Amnesiac the Vexing (level 6, -6/41 HPs)
             Began as a Mummy Enchanter on Jan 20, 2017.
             Mangled by a phantom (7 damage)
             ... on level 4 of the Dungeon.
             The game lasted 00:04:52 (1930 turns).

Amnesiac the Vexing (Mummy Enchanter)               Turns: 1930, Time: 00:04:53

Health: -6/41      AC:  2    Str: 11    XL:     6   Next: 60%
Magic:  4/13       EV: 12    Int: 16    God:
Gold:   157        SH:  0    Dex: 13    Spells: 8/15 levels left

rFire    x . .     SeeInvis .   g - +0 dagger (venom)
rCold    + . .     Gourm    .   b - +0 robe
rNeg     + + +     Faith    .   (no shield)
rPois    ∞         Spirit   .   (no helmet)
rElec    .         Reflect  .   (no cloak)
rCorr    .         Harm     .   (no gloves)
MR       .....                  (no boots)
Stlth    ++........             (no amulet)
Regen    0.2/turn               (no ring)
                                (no ring)

@: no status effects
A: no food or potions, fire vulnerability, cold resistance 1, negative energy
resistance 3, torment resistance, unbreathing
a: no special abilities


You were on level 4 of the Dungeon.
You were not hungry.

You visited 1 branch of the dungeon, and saw 4 of its levels.

You collected 157 gold pieces.

Inventory:

Hand Weapons
 g - a +0 dagger of venom (weapon)
Armour
 b - a +0 robe (worn)
Wands
 h - a wand of polymorph (14/24)
Scrolls
 d - 5 scrolls of identify {unknown}
 e - 2 scrolls of remove curse {unknown}
Books
 c - a book of Maledictions

   Spells                             Type                      Level
   a - Corona                         Hexes                        1
   b - Ensorcelled Hibernation        Hexes/Ice                    2
   c - Confuse                        Hexes                        3
   d - Tukima's Dance                 Hexes                        3
   e - Dazzling Spray                 Conjuration/Hexes            3


   Skills:
 - Level 1.0 Short Blades
 - Level 1.5 Dodging
 - Level 2.4 Stealth
 + Level 5.3 Spellcasting
 * Level 5.8 Hexes


You had 8 spell levels left.
You knew the following spells:

 Your Spells              Type           Power        Failure   Level  Hunger
e - Confuse               Hex            ###.....     4%          3    N/A
f - Corona                Hex            ###....      1%          1    N/A
w - Tukima's Dance        Hex            ###.....     4%          3    N/A

Dungeon Overview and Level Annotations

Branches:
Dungeon (4/15)
 Temple: D:4-7

Altars:
Ashenzari


Innate Abilities, Weirdness & Mutations

You do not eat or drink.
Your flesh is vulnerable to fire.
You are immune to poison.
Your flesh is cold resistant. (rC+)
You are immune to negative energy. (rN+++)
You are immune to unholy pain and torment.
You can survive without breathing.


Message History

The phantom is moderately damaged.
The phantom seems less confused.
The phantom barely misses you.
You barely miss the phantom.
The phantom is moderately damaged.
The phantom blinks!
The phantom hits you.
You barely miss the phantom.
The phantom is moderately damaged.
The phantom closely misses you.
You hit the phantom but do no damage.
The phantom is moderately damaged.
The phantom hits you.
* * * LOW HITPOINT WARNING * * *
You hit the phantom.
The phantom is moderately damaged.
The phantom hits you.
* * * LOW HITPOINT WARNING * * *
The phantom hits you!
* * * LOW HITPOINT WARNING * * *
The phantom blinks!
The phantom hits you!
You die...

#.#
#######.#
...W....#
#######.#
#.# #.# #.#
##########W#
........§.@#
############


You could see a phantom.

Vanquished Creatures
  Grinder (D:4)
  An ogre (D:4)
  An orc priest (D:4)
  Terence (D:2)
  An orc wizard (D:4)
  2 adders
  2 worms (D:2)
  2 leopard geckos (D:2)
  4 orcs
  7 hobgoblins
  4 jackals (D:3)
  A quokka (D:2)
  3 bats
  2 frilled lizards (D:1)
  7 goblins
  3 kobolds
42 creatures vanquished.

Vanquished Creatures (others)
  A dancing weapon (D:4)
1 creature vanquished.

Grand Total: 43 creatures vanquished

Notes
Turn   | Place    | Note
-------+----------+-------------------------------------------
     0 | D:1      | Amnesiac the Mummy Enchanter began the quest for the Orb.
     0 | D:1      | Reached XP level 1. HP: 13/13 MP: 4/4
    37 | D:1      | Reached skill level 1 in Short Blades
   207 | D:2      | Reached XP level 2. HP: 4/19 MP: 2/5
   461 | D:2      | Found a faded altar of an unknown god.
   622 | D:2      | Reached XP level 3. HP: 24/24 MP: 7/7
   628 | D:2      | Learned a level 3 spell: Confuse
   655 | D:2      | Found a shattered altar of Ashenzari.
   713 | D:2      | Noticed Terence
   725 | D:2      | Killed Terence
   767 | D:4      | Noticed Grinder
   768 | D:4      | Paralysed by Grinder for 7 turns
   839 | D:4      | Killed Grinder
   839 | D:4      | Reached skill level 5 in Hexes
   839 | D:4      | Reached XP level 4. HP: 16/30 MP: 3/10
   839 | D:4      | Reached XP level 5. HP: 19/35 MP: 3/12
  1049 | D:4      | Reached XP level 6. HP: 20/41 MP: 5/13
  1351 | D:3      | Learned a level 3 spell: Tukima's Dance
  1369 | D:3      | Reached skill level 5 in Spellcasting
  1929 | D:4      | HP: 1/41 [phantom (8)]
  1930 | D:4      | Mangled by a phantom

Vault maps used:
D:1:      tarquinn_simple_flora_water_e, kennysheep_decorative_pillar
D:2:      nicolae_overflow_hidden_temple, first_bread,
          chequers_ecumenical_altar_island, uniq_terence
D:3:      cheibrodos_greedy_goblins
D:4:      serial_shops, shop, st_stairs_12, grunt_qazlal_clouds, uniq_grinder

Skill      XL: |  1  2  3  4  5  6 |
---------------+-------------------+-----
Short Blades   | 1 |  1.0
Hexes          | 3 5 |  5.8
Spellcasting   | 3 4 5 |  5.3
Dodging        | |  1.5
Stealth        | |  2.4

Action                   |  1- 3 |  4- 6 || total
-------------------------+-------+-------++-------
Melee: Dagger            |    61 |    86 ||   147
       Hand axe          |    16 |     7 ||    23
 Cast: Corona            |    10 |       ||    10
       Confuse           |     5 |    14 ||    19
       Tukima's Dance    |       |     2 ||     2
 Stab: Sleeping          |     4 |     2 ||     6
       Confused          |     5 |     4 ||     9
       Distracted        |       |     1 ||     1
Armor: Robe              |    11 |    11 ||    22
Dodge: Dodged            |    40 |    49 ||    89
